 Dungeon Crawl Stone Soup version 0.26-a0-818-g75db068ed4 (webtiles) character file.

Game seed: 5309039633034250312

11878 lampshaded the Severer (level 11, -14/99 HPs)
             Began as a Hill Orc Fighter on Nov 15, 2020.
             Was a High Priest of Okawaru.
             Demolished by a very large slime creature (43 damage)
             ... on level 11 of the Dungeon.
             The game lasted 00:18:49 (10340 turns).

lampshaded the Severer (Hill Orc Fighter)          Turns: 10340, Time: 00:18:51

Health: -14/99     AC: 24    Str: 23    XL:     11   Next: 84%
Magic:  15/16      EV: 12    Int:  8    God:    Okawaru [*****.]
Gold:   432        SH:  0    Dex: 16    Spells: 10/10 levels left

rFire    . . .     SeeInvis +   a - +3 battleaxe (flame)
rCold    + . .     Faith    .   (shield currently unavailable)
rNeg     . . .     Spirit   .   x - +2 chain mail {rC+}
rPois    .         Reflect  .   c - +0 helmet {SInv}
rElec    .         Harm     .   d - +0 cloak
rCorr    .         Rampage  .   H - +0 pair of gloves
MR       .....                  (no boots)
Stlth    ..........             (no amulet)
HPRegen  0.26/turn              J - +4 ring of protection
MPRegen  0.15/turn              D - +6 ring of dexterity

@: heroism
A: no striking features
a: Heroism, Finesse, Renounce Religion


You were on level 11 of the Dungeon.
You worshipped Okawaru.
Okawaru was extremely pleased with you.
You visited 2 branches of the dungeon, and saw 12 of its levels.

You collected 593 gold pieces.
You spent 161 gold pieces at shops.

Inventory:

Hand Weapons
 a - a +3 battleaxe of flaming (weapon)
Armour
 c - a +0 helmet of see invisible (worn)
 d - a +0 cloak (worn)
 x - a +2 chain mail of cold resistance (worn)
 F - +0 swamp dragon scales
 H - a +0 pair of gloves (worn)
Magical Staves
 M - an uncursed staff of cold {unknown}
Jewellery
 g - an uncursed ring of fire
 C - an uncursed ring of positive energy
 D - a +6 ring of dexterity (right hand)
 J - a +4 ring of protection (left hand)
Wands
 i - a wand of paralysis (4)
 G - a wand of iceblast (10)
 K - a wand of acid (8)
Scrolls
 b - 2 scrolls of noise {unknown}
 e - 4 scrolls of remove curse
 f - a scroll of amnesia
 h - 2 scrolls of enchant weapon {unknown}
 j - 3 scrolls of teleportation
 l - 2 scrolls of magic mapping {unknown}
 m - 2 scrolls of enchant armour {unknown}
 p - a scroll of acquirement {unknown}
 q - 4 scrolls of fear
 s - a scroll of random uselessness {unknown}
 v - a scroll of fog {unknown}
 y - 2 scrolls of brand weapon
 A - 2 scrolls of identify
 B - a scroll of immolation {unknown}
 L - a scroll of blinking {unknown}
Potions
 k - 3 potions of curing
 n - 4 potions of attraction {unknown}
 o - a potion of ambrosia
 r - 4 potions of haste
 t - a potion of resistance
 u - 2 potions of heal wounds
 w - a potion of cancellation
 z - 2 potions of might
 E - a potion of invisibility
 I - a potion of lignification


   Skills:
 + Level 9.9(14.9) Fighting
 * Level 16.7(21.7) Axes
 + Level 9.1(14.1) Armour
 + Level 1.0(6.0) Dodging
   Level 3.2(8.2) Shields
 + Level 7.8 Invocations


You had 10 spell levels left.
You didn't know any spells.
Your spell library contained the following spells:

 Spells                   Type           Power        Failure   Level
 Animate Skeleton         Necr           #.....       90%         1
 Apportation              Tloc           #.....       90%         1
 Corona                   Hex            #......      90%         1
 Summon Small Mammal      Summ           #...         90%         1
 Portal Projectile        Hex/Tloc       #.....       99%         3
 Fulminant Prism          Conj/Hex       #.........   100%        4


Dungeon Overview and Level Annotations

Branches:
Dungeon (11/15)            Temple (1/1) D:7            Lair (0/6) D:11
    Orc (0/2) D:9

Altars:
Ashenzari
Cheibriados
Dithmenos
Elyvilon
Fedhas
Gozag
Hepliaklqana
Kikubaaqudgha
Makhleb
Nemelex Xobeh
Okawaru
Qazlal
Ru
Sif Muna
Trog
Uskayaw
Vehumet
Wu Jian
Xom
Yredelemnul
Zin
The Shining One

Shops:
D:9 [([[

Annotations:
D:4 3 runed translucent doors, Spectrina's ghost, weakling DgDe; snetch's ghost, amateur HOMo
D:9 3 runed translucent doors, Foxy's ghost, novice NaBe


Message History

The very large slime creature is moderately wounded.
You slash the slime creature! You burn the slime creature.
The slime creature hits you but does no damage.
The very large slime creature barely misses you.
You barely miss the very large slime creature.
The very large slime creature is moderately wounded.
You slash the slime creature! You burn the slime creature.
The slime creature barely misses you.
You completely miss the very large slime creature.
The very large slime creature is moderately wounded.
You hit the slime creature. You burn the slime creature.
The very large slime creature hits you! The slime creature hits you!
* * * LOW HITPOINT WARNING * * *
You open the slime creature like a pillowcase!!!
You burn the slime creature.
You kill the slime creature!
Okawaru accepts your kill.
You hit the very large slime creature. You burn the very large slime creature.
The very large slime creature hits you!!!
You die...

#.......##.# #..##.)... .
#.......##.# #..##(.()( ..
#.......##.# #..##...)) ...
#.......##.# #..##...(. ....
#.[.....##.###..##...() ....)
#.......##.#>#..##...(.
....>.##.......##.#....##.....
.........###J..##.###..##.....
..^......# #.@.##.###..##.....
>.....##.# #...##......##.....
...... #.# #...##......##.....
..... #.# #...##......##.....
..... #.# #...##..#...##.....
.... #.# #...##..#...##.....
.... #.# #...##..#..........
#.......#.......... #.
#....>..#..##......


You could see a very large slime creature.

Vanquished Creatures
  4 two-headed ogres
  Urug (D:10)
  Pikel (D:9)
  Psyche (D:8)
  Maggie (D:6)
  2 trolls
  Prince Ribbit (D:5)
  3 slime creatures (D:11)
  A hornet (D:11)
  A meliai zombie (D:10)
  Sigmund (D:5)
  A shadow (D:11)
  A wraith (D:11)
  5 yaks (D:10)
  A water moccasin (D:9)
  Duvessa (D:4)
  4 orc warriors
  4 ice beasts
  2 sky beasts (D:10)
  5 ogres
  3 black bears
  3 phantoms
  A hornet zombie (D:9)
  A centaur (D:9)
  A lemure (D:9)
  2 big kobolds
  6 bullfrogs
  Blork the orc (D:5)
  Dowan (D:4)
  4 scorpions
  5 killer bees (D:11)
  5 wights (D:9)
  3 howler monkeys
  7 hounds
  A jelly (D:11)
  A bullfrog zombie (D:11)
  8 orc priests
  A quasit (D:10)
  Jessica (D:3)
  3 centaur skeletons
  5 iguanas
  Natasha (thrice) (D:3)
  7 orc wizards
  5 worker ants
  A hound zombie (D:11)
  A hound skeleton (D:8)
  A worker ant zombie (D:7)
  A gnoll (D:4)
  17 adders
  2 shadow imps
  A white imp (D:10)
  An ufetubus (D:5)
  2 adder zombies
  2 adder skeletons
  3 worms
  6 dart slugs
  2 leopard geckos
  56 orcs
  2 ball pythons
  6 giant cockroaches
  8 goblins
  5 hobgoblins
  8 jackals
  2 quokkas
  5 bats
  7 frilled lizards
  A jackal skeleton (D:4)
  21 kobolds
  A quokka skeleton (D:4)
  12 rats
293 creatures vanquished.

Vanquished Creatures (others)
  An orc (D:6)
  A bat (D:3)
2 creatures vanquished.

Grand Total: 295 creatures vanquished

Notes
Turn   | Place    | Note
-------+----------+-------------------------------------------
     0 | D:1      | lampshaded the Hill Orc Fighter began the quest for the
                  | Orb.
     0 | D:1      | Reached XP level 1. HP: 19/19 MP: 1/1
    19 | D:1      | Reached skill level 3 in Axes
    80 | D:1      | Reached XP level 2. HP: 26/26 MP: 2/2
   153 | D:1      | Reached skill level 4 in Axes
   447 | D:1      | Reached XP level 3. HP: 31/31 MP: 3/3
   691 | D:2      | Found a stormy altar of Qazlal.
   736 | D:2      | Reached skill level 5 in Axes
  1066 | D:2      | Reached XP level 4. HP: 39/39 MP: 4/4
  1146 | D:2      | Found a snail-covered altar of Cheibriados.
  1243 | D:2      | Reached skill level 6 in Axes
  1264 | D:3      | Noticed Jessica
  1271 | D:3      | Killed Jessica
  1338 | D:3      | Noticed Natasha
  1340 | D:3      | Killed Natasha
  1341 | D:3      | Reached XP level 5. HP: 44/45 MP: 5/5
  1345 | D:3      | Reached skill level 7 in Axes
  1352 | D:3      | Found a bloodstained altar of Trog.
  1450 | D:3      | Noticed Natasha
  1456 | D:3      | Killed Natasha
  1460 | D:3      | Found a broken altar of Ashenzari.
  1723 | D:3      | Noticed Natasha
  1729 | D:3      | Killed Natasha
  1775 | D:3      | Found a hazy altar of Hepliaklqana.
  1859 | D:4      | Reached skill level 8 in Axes
  1859 | D:4      | Reached XP level 6. HP: 51/51 MP: 6/6
  2048 | D:4      | Reached skill level 9 in Axes
  2053 | D:4      | Reached XP level 7. HP: 36/57 MP: 7/7
  2173 | D:4      | Identified the Reference Book on the Oath
  2196 | D:4      | Reached skill level 10 in Axes
  2199 | D:4      | Found a runed translucent gate.
  2199 | D:4      | Found a runed translucent gate.
  2199 | D:4      | Found a runed translucent gate.
  2203 | D:4      | Noticed snetch's ghost (amateur HOMo)
  2203 | D:4      | Noticed Spectrina's ghost (weakling DgDe)
  2402 | D:4      | Noticed Blork the orc
  2403 | D:4      | Noticed Dowan
  2408 | D:4      | Noticed Duvessa
  2419 | D:4      | Killed Dowan
  2421 | D:4      | Killed Duvessa
  2533 | D:4      | Found a shimmering altar of Xom.
  2609 | D:4      | Found a shadowy altar of Dithmenos.
  2610 | D:4      | Found an ancient bone altar of Kikubaaqudgha.
  2630 | D:5      | Entered Level 5 of the Dungeon
  2636 | D:5      | Reached skill level 11 in Axes
  2721 | D:5      | Noticed Prince Ribbit
  2736 | D:5      | Killed Prince Ribbit
  2737 | D:5      | Reached XP level 8. HP: 23/66 MP: 8/8
  3239 | D:5      | Noticed Sigmund
  3245 | D:5      | Killed Sigmund
  3246 | D:5      | Reached skill level 12 in Axes
  3265 | D:5      | Killed Blork the orc
  3266 | D:5      | Reached skill level 5 in Fighting
  3740 | D:6      | Reached skill level 5 in Armour
  3977 | D:6      | Reached XP level 9. HP: 59/74 MP: 9/9
  4164 | D:6      | Found an opulent altar of Gozag.
  4175 | D:6      | Noticed Maggie
  4190 | D:6      | Killed Maggie
  4191 | D:6      | Reached skill level 13 in Axes
  5395 | D:7      | Found a hide-covered altar of Uskayaw.
  5504 | D:7      | Found a basalt altar of Yredelemnul.
  5563 | D:7      | Found a staircase to the Ecumenical Temple.
  5578 | Temple   | Entered the Ecumenical Temple
  5786 | Temple   | Became a worshipper of Warmaster Okawaru
  5849 | D:7      | Found a white marble altar of Elyvilon.
  6149 | D:8      | Reached skill level 1 in Invocations
  6730 | D:8      | Noticed Psyche
  6738 | D:8      | Killed Psyche
  6739 | D:8      | Reached skill level 14 in Axes
  6819 | D:8      | Reached * piety under Okawaru
  6978 | D:7      | Found a shimmering blue altar of Sif Muna.
  7041 | D:9      | Reached XP level 10. HP: 86/86 MP: 10/12
  7224 | D:9      | Noticed Pikel
  7234 | D:9      | Killed Pikel
  7236 | D:9      | Found a runed translucent gate.
  7538 | D:9      | Found a staircase to the Orcish Mines.
  7542 | D:9      | Found Kaest's Armour Emporium.
  7554 | D:9      | Found Qocal's Antique Weapon Boutique.
  7592 | D:9      | Found Poesees's Armour Boutique.
  7600 | D:9      | Bought a +0 helmet of see invisible for 161 gold pieces
  7692 | D:9      | Found a sparkling altar of Nemelex Xobeh.
  7751 | D:9      | Found a radiant altar of Vehumet.
  7765 | D:9      | Found a runed translucent gate.
  7766 | D:9      | Found a runed translucent gate.
  7766 | D:9      | Noticed a two-headed ogre
  7767 | D:9      | Found an opulent altar of Gozag.
  7767 | D:9      | Noticed Foxy's ghost (novice NaBe)
  7857 | D:9      | Found Yhoniwk's Antique Armour Boutique.
  7996 | D:10     | Entered Level 10 of the Dungeon
  8043 | D:10     | Noticed a two-headed ogre
  8043 | D:10     | Noticed a two-headed ogre
  8055 | D:10     | Killed a two-headed ogre
  8055 | D:10     | Reached ** piety under Okawaru
  8056 | D:10     | Reached skill level 15 in Axes
  8056 | D:10     | Reached skill level 5 in Invocations
  8060 | D:10     | Killed a two-headed ogre
  8262 | D:10     | Reached *** piety under Okawaru
  8301 | D:10     | Reached XP level 11. HP: 69/95 MP: 15/15
  8687 | D:10     | Noticed Urug
  8696 | D:10     | Killed Urug
  8858 | D:10     | Reached skill level 16 in Axes
  9091 | D:10     | Noticed a two-headed ogre
  9107 | D:10     | Killed a two-headed ogre
  9107 | D:10     | Reached **** piety under Okawaru
  9367 | D:11     | Noticed a two-headed ogre
  9374 | D:11     | Killed a two-headed ogre
  9531 | D:11     | Received a gift from Okawaru
 10257 | D:11     | Found a staircase to the Lair.
 10334 | D:11     | Reached ***** piety under Okawaru
 10335 | D:11     | Reached skill level 1 in Dodging
 10340 | D:11     | Demolished by a very large slime creature

Illustrated notes

Levels and vault maps discovered:
D:1:      tarquinn_simple_flora_water_d, layout_rooms
D:2:      layout_rooms, lemuel_coloured_pillars_altar,
          nicolae_qazlal_eye_of_the_storm
D:3:      layout_rooms, marbit_many_paths, bloody_trog, old_standard_altar,
          uniq_natasha, uniq_jessica
D:4:      layout_basic, gammafunk_temple_overflow_statue,
          gammafunk_ghost_cemetery, tgw_xom, uniq_duvessa, uniq_blork_the_orc
D:5:      layout_loops_ring, hangedman_decor_slide_cut, uniq_prince_ribbit1,
          uniq_sigmund
D:6:      layout_basic, nicolae_gozag_cash_rules_everything_around_me,
          uniq_maggie
D:7:      lemuel_upstairs_altar, layout_basic, kennysheep_ying_yang,
          eat_drink_and_be_merry_uskayaw, minmay_temple_entry_proselytizer
D:8:      layout_loops_ring, uniq_psyche
D:9:      layout_long_grid, overflow_temple_1_default,
          nemelex_xobeh_ov_fountains_minmay, orc_0_dummy, ebering_ghost_gozag,
          serial_shops, shop, shop, nicolae_shop_temple_entry_statues_fountains,
          shop, uniq_pikel
D:10:     layout_roguey, uniq_urug
D:11:     layout_long_grid, lair_entry_dummy, minmay_misc_feat_rugged
Temple:   nicolae_temple_figure_zero

Skill      XL: |  1  2  3  4  5  6  7  8  9 10 11 |
---------------+----------------------------------+-----
Axes           | 3 4 5 6 8 9 11 12 14 15 16 | 16.7
Fighting       | 4 5 7 8 9 |  9.9
Armour         | 5 6 7 9 |  9.1
Invocations    | 2 5 7 |  7.8
Dodging        | 1 |  1.0
Shields        | |  3.2

Action                   |  1- 3 |  4- 6 |  7- 9 | 10-12 || total
-------------------------+-------+-------+-------+-------++-------
Melee: War axe           |   110 |   149 |   357 |    31 ||   647
       Battleaxe         |       |       |       |   237 ||   237
Invok: Heroism           |       |       |       |     4 ||     4
  Use: Potion            |       |     1 |     1 |     1 ||     3
       Scroll            |       |       |       |    13 ||    13
Armor: Scale mail        |    26 |       |       |       ||    26
       Plate armour      |    37 |   108 |    26 |       ||   171
       Chain mail        |       |       |   155 |   185 ||   340
Dodge: Dodged            |    28 |    26 |    68 |   118 ||   240
Block: Kite shield       |    65 |    76 |   168 |    12 ||   321

Table legend: (Time is in decaauts)
 A = Elapsed time spent in this place.
 B = Non-inter-level travel time spent in this place.
 C = Inter-level travel time spent in this place.
 D = Time resting spent in this place.
 E = Time spent auto-exploring this place.
 F = Levels seen in this place.
 G = Mean time per level.
                   A        B        C        D        E       F      G
               +--------+--------+--------+--------+--------+-----+--------+
         Total |  10363 |  10014 |    349 |   1365 |   6799 |  12 |  863.6 |
       Dungeon |  10142 |   9824 |    318 |   1365 |   6611 |  11 |  922.0 |
        Temple |    220 |    189 |     31 |      0 |    188 |   1 |  220.0 |
               +--------+--------+--------+--------+--------+-----+--------+

Top non-repeatable levels by time:
     D:6: 1596 daAuts
    D:10: 1298 daAuts
     D:4: 1054 daAuts
    D:11: 1018 daAuts
     D:9: 952 daAuts
     D:8: 906 daAuts
     D:5: 765 daAuts
     D:2: 658 daAuts
     D:1: 655 daAuts
     D:7: 651 daAuts
     D:3: 585 daAuts
  Temple: 220 daAuts
